AoeStats
← DuxJun

African Clearing

506026929Analyzed
2v2 RM · 19d ago on Sep 12, 2026· 21m 57s· 4 players
Game mode
Random Map
Map size
Medium (4 player)
Population
200
Speed
Normal
Resources
Standard
Victory
Conquest
Starting age
Dark Age
Ending age
Imperial Age
RankedLock teamsTeams togetherTeam positionsShared explorationLock speedFull tech treeHidden civsTurbo modeCheats
Victory
Defeat
🇨🇳 Chinese · China
953
+11
🇨🇳 Wei · China
621
+23
🇨🇱 Khmer · Chile
882
-20
🇨🇱 Franks · Chile
742
-14
你只是一个丑企鹅
14:18 Feudal Age
14:23 Loom
15:38 Loom
18:41 Castle Age
17:30 Double-Bit Axe
18:07 Stone Mining
18:07 Horse Collar
18:58 Stone Mining
19:37 Fletching
20:36 Wheelbarrow
wujiang
3:20 Loom
15:59 Feudal Age
16:38 Double-Bit Axe
19:04 Fletching
21:15 Padded Archer Armor
DuxJun
5:52 Loom
21:10 Feudal Age
artepad
16:10 Loom
Connection lost

Rejoining the realm…

Still unreachable

The connection could not be restored.

Session expired

The server has moved on; the page needs a fresh start.